 Dungeon Crawl Stone Soup version 0.31-a0-765-g67fe2935dc (webtiles) character file.

Game seed: 13474021007002019595

663721 Bnni the Maledictor (level 27, -2/179 HPs)
             Began as a Formicid Hexslinger on Sept 12, 2023.
             Was the Champion of Hepliaklqana.
             Slain by an ancient champion
             ... wielding a +3 great sword
              (28 damage)
             ... on level 3 of the Iron City of Dis on Sept 16, 2023.
             The game lasted 05:08:24 (53628 turns).

Bnni the Maledictor (Formicid Hexslinger)          Turns: 53628, Time: 05:08:25

Health: -2/179     AC:  4    Str: 20      XL:     27
Magic:  40/44      EV: 35    Int: 18 (22) God:    Hepliaklqana [******]
Gold:   7997       SH: 23    Dex: 23 (26) Spells: 2/61 levels left

rFire   + . .        o - +9 longbow (heavy)
rCold   + . .        u - +0 tower shield
rNeg    + . .        Z - +1 troll leather armour of Lethargy {rF+ Regen+}
rPois   .            (helmet unavailable)
rElec   +            b - +0 cloak of Going Fast {rF- rN+ Regen+ Slay+5}
rCorr   .            Y - +2 pair of gloves of Nolulapo {rElec Str+3}
SInv    +            L - +2 pair of boots {Fly}
Will    ++...        l - amulet of Vitality {RegenMP++ Regen++}
Stlth   ++           k - ring "Goji" {rF+ rC+ Str+3 Int+6}
HPRegen 3.69/turn    n - ring of the Hare {EV+10}
MPRegen 1.09/turn

%: clarity
@: flying, studying Long Blades, corroded
A: reduced essence, permanent stasis, dig shafts and tunnels, antennae 3, four
strong arms, clarity, deformed body, frail 1
}: 5/15 runes: serpentine, barnacled, slimy, silver, abyssal
a: Dig, Shaft Self, Renounce Religion, Recall Ancestor, Ancestor Identity,
Transference, Idealise


You were on level 3 of the Iron City of Dis.
You worshipped Hepliaklqana.
Hepliaklqana was exalted by your worship.
You visited 14 branches of the dungeon, and saw 56 of its levels.
You visited the Abyss 1 time.
You also visited: Trove, Bailey, Gauntlet and Wizlab.

You collected 10013 gold pieces.
You spent 2016 gold pieces at shops.

Inventory:

Hand Weapons
 o - a +9 heavy longbow (weapon)
 B - a +2 longbow of flaming
Missiles
 s - 20 throwing nets
 Q - 8 curare-tipped darts
 S - 2 darts of dispersal
Armour
 b - the +0 cloak of Going Fast (worn) {rF- rN+ Regen+ Slay+5}
   (You found it on level 3 of the Crypt)

   Slay+5:    It affects your accuracy & damage with ranged weapons and melee
   (+5).
   rF-:       It makes you vulnerable to fire.
   rN+:       It protects you from negative energy.
   Regen+:    It increases your rate of health regeneration.
 t - a +2 kite shield of reflection
 u - a +0 tower shield (worn)
 L - a +2 pair of boots of flying (worn)
 Y - the +2 pair of gloves of Nolulapo (worn) {rElec Str+3}
   (You bought it in a shop on level 3 of the Shoals)

   Str+3:     It affects your strength (+3).
   rElec:     It insulates you from electricity.
 Z - the +1 troll leather armour of Lethargy (worn) {rF+ Regen+}
   (You bought it in a shop on level 2 of the Orcish Mines)

   rF+:       It protects you from fire.
   Regen+:    It increases your rate of health regeneration.
Jewellery
 c - a ring of positive energy
 k - the ring "Goji" (left hand) {rF+ rC+ Str+3 Int+6}
   (You found it on level 5 of the Pits of Slime)

   [ring of intelligence]

   Str+3:     It affects your strength (+3).
   Int+6:     It affects your intelligence (+6).
   rF+:       It protects you from fire.
   rC+:       It protects you from cold.
 l - the amulet of Vitality (around neck) {RegenMP++ Regen++}
   (You found it in a bailey)

   [amulet of magic regeneration]

   RegenMP:   It increases your rate of magic regeneration.
   Regen++:   It increases your rate of health regeneration.
 n - the ring of the Hare (right hand) {EV+10}
   (You took it off a deep elf annihilator on level 3 of the Elven Halls)

   [ring of evasion]

   EV+10:     It affects your evasion (+10).
 v - the ring of Levity {rC++ rN+ Int+3}
   (You acquired it on level 4 of the Snake Pit)

   [ring of positive energy]

   Int+3:     It affects your intelligence (+3).
   rC++:      It greatly protects you from cold.
   rN+:       It protects you from negative energy.
 x - the ring of the Tortoise {AC+8}
   (You took it off a deep elf blademaster on level 3 of the Elven Halls)

   [ring of protection]

   AC+8:      It affects your AC (+8).
 y - the ring "Luacaozie" {+Blink rPois rF+ Dex-3 SInv}
   (You found it on level 5 of the Pits of Slime)

   [ring of poison resistance]

   Dex-3:     It affects your dexterity (-3).
   rF+:       It protects you from fire.
   rPois:     It protects you from poison SInv: It lets you see invisible.
   +Blink:    It lets you blink.
 A - a ring of fire
 F - the ring of Weisiy {rCorr Str+3 Dex+6}
   (You found it on level 3 of the Elven Halls)

   [ring of dexterity]

   Str+3:     It affects your strength (+3).
   Dex+6:     It affects your dexterity (+6).
   rCorr:     It protects you from acid and corrosion.
 R - a ring of protection from cold
Wands
 g - a wand of digging (6)
 C - a wand of acid (32)
 I - a wand of roots (71)
Scrolls
 a - 13 scrolls of enchant armour
 e - 9 scrolls of fear
 p - 7 scrolls of vulnerability
 q - 6 scrolls of revelation
 z - 3 scrolls of silence
 D - a scroll of brand weapon
 E - 9 scrolls of fog
 K - 4 scrolls of amnesia
 P - 4 scrolls of butterflies
 W - 8 scrolls of immolation
Potions
 d - 19 potions of curing
 h - 8 potions of brilliance
 i - 3 potions of magic
 m - 10 potions of heal wounds
 r - 2 potions of mutation
 w - 4 potions of ambrosia
 G - a potion of cancellation
 H - 6 potions of enlightenment
 O - 6 potions of resistance
Miscellaneous
 M - a lightning rod (4/4)
 T - a box of beasts
 U - a condenser vane
 V - a phial of floods
 X - a phantom mirror


   Skills:
 + Level 19.9 Fighting
 - Level 20.0 Ranged Weapons
 - Level 6.1 Throwing
 + Level 11.6 Armour
 * Level 17.3 Dodging
 + Level 18.7 Shields
 + Level 17.8 Spellcasting
 * Level 24.0 Hexes
 - Level 10.0 Necromancy
 + Level 12.1 Translocations
 - Level 3.0 Fire Magic
 - Level 10.0 Earth Magic
 - Level 14.0 Invocations


You had 2 spell levels left.
You knew the following spells:

 Your Spells              Type           Power      Damage    Failure   Level
a - Passage of Golubria   Tloc           56%        N/A       1%          4
b - Inner Flame           Hex/Fire       59%        N/A       1%          3
c - Dimensional Bullseye  Hex/Tloc       34%        N/A       1%          4
d - Cause Fear            Hex            40%        N/A       0%          4
e - Enfeeble              Hex            40%        N/A       1%          7
f - Sigil of Binding      Hex            80%        N/A       0%          3
g - Summon Guardian Gole  Hex/Summ       56%        N/A       1%          3
h - Borgnjor's Vile Clut  Necr/Erth      25%        N/A       3%          5
i - Dispersal             Tloc           28%        N/A       9%          6
j - Yara's Violent Unrav  Hex/Tmut       28%        3d12      1%          5
p - Fulminant Prism       Conj/Hex       28%        3d14      1%          4
s - Sublimation of Blood  Necr           51%        N/A       1%          2
x - Discord               Hex            40%        N/A       2%          8
z - Apportation           Tloc           100%       N/A       1%          1

Your spell library contained the following spells:

 Spells                   Type           Power      Damage    Failure   Level
 Slow                     Hex            100%       N/A       0%          1
 Jinxbite                 Hex            100%       N/A       0%          2
 Necrotise                Necr           100%       1d9       1%          1
 Ensorcelled Hibernation  Hex/Ice        100%       N/A       1%          2
 Lesser Beckoning         Tloc           100%       N/A       1%          2
 Momentum Strike          Conj/Tloc      76%        3d10      1%          2
 Passwall                 Tmut/Erth      28%        N/A       1%          2
 Cigotuvi's Dreadful Rot  Necr/Pois/Air  56%        N/A       3%          2
 Freeze                   Ice            64%        1d7       9%          1
 Shock                    Conj/Air       64%        1d7       9%          1
 Sting                    Tmut/Pois      64%        1d6       9%          1
 Summon Small Mammal      Summ           64%        N/A       9%          1
 Poisonous Vapours        Pois/Air       32%        N/A       12%         2
 Static Discharge         Conj/Air       32%        2-4/arc   12%         2
 Confusing Touch          Hex            80%        N/A       0%          3
 Tukima's Dance           Hex            80%        N/A       0%          3
 Dazzling Flash           Conj/Hex       100%       N/A       1%          3
 Gell's Gravitas          Tloc           56%        N/A       1%          3
 Teleport Other           Tloc           56%        N/A       1%          3
 Vampiric Draining        Necr           51%        2d9       1%          3
 Volatile Blastmotes      Fire/Tloc      86%        2d17      1%          3
 Anguish                  Hex/Necr       33%        N/A       1%          4
 Animate Dead             Necr           51%        N/A       1%          4
 Dispel Undead            Necr           51%        3d19      1%          4
 Leda's Liquefaction      Hex/Erth       33%        N/A       1%          4
 Manifold Assault         Tloc           56%        N/A       1%          4
 Metabolic Englaciation   Hex/Ice        28%        N/A       1%          5
 Stone Arrow              Conj/Erth      68%        3d11      3%          3
 Lee's Rapid Deconstruct  Erth           25%        3d14*     3%          5
 Iskenderun's Mystic Bla  Conj/Tloc      38%        2d9       7%          4
 Animate Armour           Summ/Erth      68%        N/A       11%         4
 Petrify                  Tmut/Erth      34%        N/A       11%         4
 Ignite Poison            Fire/Tmut/Pois 19%        N/A       16%         3
 Death Channel            Necr           25%        N/A       21%         6
 Call Canine Familiar     Summ           16%        N/A       24%         3
 Frozen Ramparts          Ice            32%        1d5       24%         3
 Hailstorm                Conj/Ice       16%        3d6       24%         3
 Ozocubu's Armour         Ice            16%        N/A       24%         3
 Airstrike                Air            8%         2d(2-18)  63%         4
 Olgreb's Toxic Radiance  Pois           16%        N/A       63%         4
 Summon Lightning Spire   Summ/Air       16%        N/A       63%         4
 Fireball                 Conj/Fire      10%        3d6       77%         5
 Leda's Unmaking          Conj/Erth      17%        9d3       85%         6
 Simulacrum               Ice/Necr       17%        N/A       85%         6
 Alistair's Intoxication  Tmut/Pois      10%        N/A       92%         5
 Arcjolt                  Conj/Air       8%         1d18      92%         5
 Freezing Cloud           Conj/Ice/Air   8%         6-21      92%         5
 Irradiate                Conj/Tmut      8%         3d14      92%         5
 Iskenderun's Battlesphe  Conj           16%        2d7       92%         5
 Disjunction              Tloc           28%        N/A       98%         8
 Conjure Ball Lightning   Conj/Air       8%         3x3d6     100%        6
 Plasma Beam              Fire/Air       10%        2x1d21    100%        6
 Haunt                    Necr/Summ      17%        N/A       100%        7
 Orb of Destruction       Conj           8%         9d6       100%        7
 Ozocubu's Refrigeration  Ice            8%         4d9       100%        7
 Spellforged Servitor     Conj/Summ      8%         N/A       100%        7
 Borgnjor's Revivificati  Necr           25%        N/A       100%        8
 Lehudib's Crystal Spear  Conj/Erth      17%        10d5      100%        8
 Maxwell's Capacitive Co  Air            8%         ∞         100%        8
 Death's Door             Necr           25%        N/A       100%        9
 Dragon's Call            Summ           8%         N/A       100%        9
 Fire Storm               Conj/Fire      10%        8d3       100%        9
 Polar Vortex             Ice            8%         12d1*     100%        9
 Shatter                  Erth           25%        3d22*     100%        9
 Blink                    Tloc           Unusable   N/A       N/A         2
 Vhi's Electric Charge    Tloc/Air       Unusable   N/A       N/A         4

Dungeon Overview and Level Annotations

Branches:
Dungeon (15/15)            Temple (1/1) D:4            Lair (5/5) D:9
 Shoals (4/4) Lair:3        Snake (4/4) Lair:3        Slime (5/5) Lair:5
    Orc (2/2) D:12            Elf (3/3) Orc:2        Vaults (5/5) D:13
  Crypt (3/3) Vaults:3       Tomb (1/3) Crypt:3      Depths (4/4) D:15
   Hell (visited)             Dis (3/7) Hell            Geh (0/7) Hell
    Coc (0/7) Hell            Tar (0/7) Hell            Zot (0/5) Depths:4
 Bailey (visited)          WizLab (visited)         Gauntlet (visited)

Altars:
Ashenzari
Cheibriados
Dithmenos
Elyvilon
Fedhas
Gozag
Hepliaklqana
Kikubaaqudgha
Makhleb
Nemelex Xobeh
Okawaru
Qazlal
Ru
Sif Muna
Trog
Uskayaw
Vehumet
Wu Jian
Xom
Yredelemnul
Zin
The Shining One
Jiyva
Lugonu

Shops:
D:13 *:(=   Orc:2 (!([   Elf:1 ?:[   Shoals:3 :[   Vaults:3 ?   Vaults:5 :
Depths:3 *(*

Portals:
Hell: Depths:1 Depths:2 Depths:3 Depths:4
Abyss: Snake:2 Depths:2 Depths:3
Pandemonium: Depths:2
Ziggurat: Depths:1

Annotations:
Snake:4 atomjack's ghost, adept SpHu
Elf:2 3 runed translucent doors


Innate Abilities, Weirdness & Mutations

Your life essence is reduced to manifest your ancestor. (-10% HP)
You cannot be hasted, slowed, berserked, paralysed or teleported.
You can dig through walls and to a lower floor.
You have a pair of large antennae on your head. (SInv)
Your four strong arms can wield two-handed weapons with a shield.
You possess an exceptional clarity of mind.
Armour fits poorly on your strangely shaped body.
You are frail. (-10% HP)


Message History

Tankster McGee's magical effects unravel!
You shoot an arrow. The arrow hits the ancient champion!
The ancient champion is almost destroyed.
The quicksilver elemental hits Tankster McGee!!
Tankster McGee's magic leaks into the air.
Tankster McGee mumbles some strange words.
Tankster McGee seems to speed up.
The ancient champion hits you with a +3 great sword!!
You are too injured to fight recklessly!
Fire: o) +9 longbow (heavy)
Press: ? - help, Shift-Dir - straight line, f/p - ancient champion
Aim: an ancient champion, wielding a +3 great sword and wearing a +0 plate armour (almost destroyed, 86% to hit)
You shoot an arrow. The arrow hits the ancient champion!
The ancient champion is almost destroyed.
The quicksilver elemental breathes dispelling energy at Tankster McGee.
The bolt of dispelling energy hits Tankster McGee!
Tankster McGee's magical effects unravel!
Tankster McGee barely misses the quicksilver elemental.
Tankster McGee hits the ancient champion but does no damage.
The ancient champion points at you and mumbles some strange words.
The entropic shot hits you!
Tankster McGee hits the quicksilver elemental with a +0 broad axe of speed!
Tankster McGee hits the ancient champion with a +0 broad axe of speed.
The quicksilver elemental barely misses Tankster McGee.
The ancient champion gestures at you while chanting.
The entropic shot hits you!!!
* * * LOW HITPOINT WARNING * * *
Casting: Borgnjor's Vile Clutch (mildly dangerous; 3% risk of failure)
Confirm with . or Enter, or press ? or * to list all spells.
Aiming: Borgnjor's Vile Clutch (mildly dangerous; 3% risk of failure)
Press: ? - help, Shift-Dir - straight line, f/p - ancient champion
Aim: an ancient champion, wielding a +3 great sword and wearing a +0 plate armour (almost destroyed, 100% to hit)
Zombie hands grab the ancient champion.
The zombie hands constrict the ancient champion, but do no damage.
Tankster McGee blocks the quicksilver elemental's attack.
Tankster McGee hits the quicksilver elemental with a +0 broad axe of speed!
The quicksilver elemental is destroyed!
Tankster McGee hits the ancient champion but does no damage.
The ancient champion hits you with a +3 great sword!!
You die...

#+#########
..#......#
.'..†...#
#..R...+
#.z....#
#..@...#
#......#
########


You could see the friendly Tankster McGee the knight (reflecting) and an ancient
champion (clutched).

Vanquished Creatures
  A dread lich (Abyss:3)
  An ancient lich (Depths:1)
  Boris (Crypt:3)
  Vashnia (Snake:2)
  Saint Roka (Depths:3)
  Margery (Crypt:3)
  3 caustic shrikes
  A curse toe (Crypt:3)
  Geryon (Hell)
  5 golden dragons
  2 bone dragons
  Nikola (Snake:2)
  2 iron giants
  5 liches
  Rupert (D:13)
  A shard shrike skeleton (Crypt:3)
  Murray (Hell)
  2 deep elf blademasters (Elf:3)
  4 titans
  4 tentacled monstrosities
  12 acid blobs
  5 sphinxes
  11 tentacled starspawn
  4 storm dragons
  6 ancient champions
  A kraken (Shoals:2)
  5 shadow dragons
  6 tengu reavers
  Kirke (Lair:4)
  Aizul (Snake:2)
  Roxanne (Elf:2)
  7 azure jellies
  3 revenants
  Donald (Vaults:1)
  The ghost of Zakh the Markstengu, an adept TeHu of Hepliaklqana (Elf:2)
  9 rockslimes
  A fire giant (Depths:3)
  15 vault wardens
  5 deep elf sorcerers
  3 iron dragons
  2 frost giants
  3 balrugs
  2 curse skulls
  2 deep elf elementalists (Elf:3)
  A draconian shifter (Depths:4)
  Louise (Elf:1)
  A cacodemon (Abyss:3)
  A quicksilver ooze (shapeshifter) (Vaults:4)
  6 ghouls
  2 orc warlords (Vaults:2)
  A spriggan defender (Depths:2)
  3 ironbound preservers
  5 caustic shrike skeletons (Crypt:3)
  2 formless jellyfish
  10 very ugly things
  3 war gargoyles
  11 quicksilver oozes
  12 stone giants
  A draconian annihilator (Depths:4)
  4 elemental wellsprings
  3 ironbound thunderhulks
  A reaper (Hell)
  A black draconian (Depths:4)
  11 vampire knights
  7 deep elf annihilators
  5 deep elf demonologists
  2 lorocyprocas
  A wendigo (Hell)
  3 red draconians (Depths:4)
  A yellow draconian (Depths:4)
  A minotaur (Gauntlet)
  2 dire elephants (Vaults:3)
  10 spark wasps
  5 ettins
  A purple draconian (Depths:4)
  3 merfolk javelineers
  2 eidola
  10 yaktaur captains
  A blizzard demon (Abyss:3)
  A fire dragon (Depths:3)
  6 deep elf death magi
  8 iron golems
  Josephine (Lair:3)
  5 jiangshi
  3 deep elf high priests
  10 great orbs of eyes
  9 vault guards
  An entropy weaver (Abyss:4)
  9 merfolk impalers
  4 rakshasas
  Harold (D:10)
  4 ice dragons
  5 hydras
  7 anacondas
  An alligator snapping turtle (Shoals:3)
  2 two-headed ogres
  7 ironbound frosthearts
  5 satyrs
  A fenstrider witch skeleton (Crypt:3)
  A boulder beetle (D:12)
  A death knight (Abyss:3)
  12 centaur warriors
  A tengu warrior (Depths:1)
  8 death yaks
  2 death scarabs (Gauntlet)
  3 merfolk aquamancers (Shoals:4)
  3 deep troll shamans
  9 naga sharpshooters
  9 naga warriors
  2 vampire magi
  4 deep troll earth magi
  5 soul eaters
  3 shock serpents (Snake:4)
  5 thrashing horrors
  2 demonic crawlers
  6 hell hogs
  A spriggan berserker (Depths:4)
  Sonja (D:13)
  10 sun demons
  10 hell knights
  4 titan skeletons (Crypt:3)
  12 deep elf knights
  5 salamander mystics
  2 spatial maelstroms (Abyss:3)
  20 skeletal warriors
  A skyshark (Shoals:1)
  8 wretched stars
  6 shadow wraiths
  4 iron trolls
  21 deep trolls
  A shadow demon (Abyss:3)
  11 sea snakes
  4 glowing orange brains
  4 flayed ghosts
  A spriggan simulacrum (Hell)
  12 deep elf archers
  A fenstrider witch simulacrum (Hell)
  2 naga ritualists
  An anaconda skeleton (Crypt:1)
  7 ironbound convokers
  9 wizards
  8 lindwurms
  A bog body (Crypt:1)
  8 necromancers
  5 phantasmal warriors
  3 human zombies
  4 orc knights (Vaults:2)
  20 deep elf pyromancers
  10 harpies
  3 cyclopes
  17 deep elf zephyrmancers
  An orc sorcerer (D:15)
  2 tengu skeletons
  An iron dragon skeleton (Crypt:3)
  15 fauns
  21 ugly things
  A frost giant zombie (Crypt:3)
  10 mana vipers
  2 worldbinders (Abyss:3)
  9 salamanders
  3 shining eyes
  7 merfolk sirens
  12 manticores
  2 centaur zombies
  2 stone giant skeletons (Crypt:3)
  2 apocalypse crabs
  20 black mambas
  An eleionoma skeleton (Crypt:3)
  A dire elephant zombie (Crypt:1)
  20 elephants
  3 rust devils (Hell)
  11 vault sentinels
  6 cane toads
  Maurice (D:11)
  7 eyes of devastation
  3 molten gargoyles
  4 guardian serpents
  11 naga magi
  8 water nymphs
  3 orange demons (Abyss:3)
  2 gargoyles
  9 smoke demons
  2 centaur skeletons
  2 unseen horrors
  23 yaktaurs
  4 tengu conjurers
  An orb spider zombie (Crypt:1)
  6 komodo dragons
  4 efreet
  A hellion (Hell)
  5 freezing wraiths
  A rime drake (Lair:4)
  A purple draconian skeleton (Crypt:2)
  An alligator snapping turtle skeleton (Crypt:2)
  An ice devil (Gauntlet)
  A merfolk (shapeshifter) (Depths:3)
  3 meliai (D:15)
  A guardian mummy (Tomb:1)
  2 wind drakes (Shoals:4)
  A harpy zombie (Crypt:1)
  16 merfolk
  A meliai (shapeshifter) (Abyss:3)
  A catoblepas skeleton (Crypt:1)
  5 ancient zymes (Abyss:3)
  2 polar bears
  A shadow dragon simulacrum (Vaults:5)
  Prince Ribbit (D:5)
  6 trolls
  A hornet (D:10)
  An ettin zombie (Vaults:5)
  8 blink frogs (Lair:5)
  21 large abominations
  4 harpy skeletons
  3 dream sheep (Shoals:3)
  14 raiju
  58 slime creatures
  A hydra skeleton (Crypt:3)
  4 snapping turtles
  A centaur simulacrum (Hell)
  7 flying skulls (Tomb:1)
  A human simulacrum (Vaults:1)
  2 air elementals (Elf:1)
  A jumping spider (shapeshifter) (Vaults:5)
  2 elf zombies (Vaults:4)
  2 shadows
  34 yaks
  A vampire (D:13)
  6 ynoxinuls
  A guardian serpent skeleton (Crypt:1)
  2 spectral black mambas (Gauntlet)
  An ushabti (Tomb:1)
  4 fire elementals
  13 wraiths
  A dire elephant simulacrum (Hell)
  A hog (shapeshifter) (Vaults:5)
  3 water elementals
  13 humans
  6 golden eyes
  A slime creature zombie (Crypt:3)
  4 wyverns
  19 starcursed masses
  A chaos spawn (Abyss:3)
  A fire bat (Abyss:3)
  4 neqoxecs
  3 redbacks (Elf:3)
  A basilisk (D:15)
  9 dancing weapons
  A redback (shapeshifter) (Abyss:3)
  2 vampire mosquitoes
  7 wargs
  3 harpy simulacra
  A glowing shapeshifter zombie (Vaults:5)
  5 spatial vortices (Abyss:3)
  28 nagas
  A demonspawn zombie (Crypt:2)
  A floating eye (Depths:3)
  A hell hound (Hell)
  A merfolk skeleton (Crypt:3)
  Duvessa (D:7)
  A demonspawn skeleton (Crypt:2)
  6 water moccasins
  A water nymph skeleton (Crypt:1)
  25 orc warriors
  3 acid dragons
  A glowing shapeshifter skeleton (Vaults:4)
  3 black bears
  A sky beast (D:6)
  8 ogres
  A human skeleton (Vaults:1)
  2 lindwurm zombies
  21 wolves
  A lindwurm skeleton (Crypt:3)
  8 centaurs
  A phantom (D:6)
  2 kobold brigands
  2 earth elementals
  11 bullfrogs
  2 necrophages
  An elf skeleton (Crypt:3)
  8 gnoll sergeants
  2 scorpions
  12 small abominations
  Dowan (D:7)
  12 wights (Crypt:3)
  3 killer bees (D:7)
  4 spriggan skeletons
  2 electric eels
  A howler monkey (D:8)
  A quasit (Abyss:3)
  A crimson imp (Abyss:4)
  A hound (Bailey)
  A black bear zombie (Crypt:1)
  4 gnoll boudas
  9 orc priests
  2 sleepcaps
  21 orc wizards
  An iguana (D:6)
  6 hell rats
  An ogre zombie (Crypt:2)
  An acid dragon skeleton (Crypt:2)
  A mummy (Tomb:1)
  10 adders
  30 gnolls
  3 white imps
  2 ufetubi
  5 worms
  56 orcs
  10 ball pythons
  10 bats
  8 endoplasms
  6 giant cockroaches
  8 hobgoblins
  9 jackals
  23 kobolds
  3 quokkas
  3 frilled lizards
  10 goblins
  A hobgoblin zombie (Crypt:1)
  8 rats
  A rat skeleton (Crypt:3)
  A river rat skeleton (Crypt:2)
  2 lurking horrors
  9 starspawn tentacles
1702 creatures vanquished.

Vanquished Creatures (collateral kills)
  the Royal Jelly (Slime:5)
  A dread lich (Crypt:3)
  An ancient lich (Vaults:5)
  A Head Instructor (WizLab)
  Xtahua (Depths:4)
  5 caustic shrikes
  2 golden dragons (Depths:4)
  2 bone dragons (Abyss:3)
  A hellephant (Hell)
  Jorgrun (Orc:1)
  Zenata (Crypt:2)
  2 tentacled monstrosities (Vaults:5)
  Mlioglotl (Shoals:1)
  2 titans (Vaults:5)
  2 quicksilver dragons
  15 acid blobs
  7 ancient champions
  4 tentacled starspawn (Abyss:3)
  A kraken (Shoals:4)
  7 sphinxes
  Polyphemus (Shoals:3)
  The ghost of Revguard the Fighter, an adept DsFi of Uskayaw (Shoals:3)
  2 shadow dragons (Vaults:5)
  2 tengu reavers
  4 rockslimes
  A storm dragon (Vaults:5)
  4 azure jellies
  A nagaraja (Snake:4)
  4 iron dragons
  3 frost giants
  A draconian knight (WizLab)
  A fire giant (Depths:4)
  7 vault wardens
  A quicksilver elemental (Dis:3)
  A deep elf sorcerer (Elf:3)
  A deep elf elementalist (Elf:3)
  A cacodemon (Abyss:3)
  10 quicksilver oozes
  4 very ugly things
  3 formless jellyfish
  5 reapers (Hell)
  8 ironbound preservers
  10 stone giants
  2 war gargoyles
  3 caustic shrike skeletons (Crypt:3)
  A vampire knight (Crypt:1)
  An ironbound thunderhulk (Vaults:4)
  2 deep elf annihilators
  2 deep elf demonologists (Elf:3)
  2 dire elephants (Vaults:3)
  3 starcursed masses (Abyss:3)
  6 spark wasps
  6 ettins
  A quicksilver dragon zombie (Hell)
  2 fire dragons
  A merfolk impaler (Shoals:4)
  3 deep elf death magi
  An eidolon (Crypt:2)
  5 yaktaur captains
  A spriggan zombie (Crypt:1)
  2 merfolk javelineers
  3 deep elf high priests
  An entropy weaver (shapeshifter) (Elf:3)
  2 ice dragons
  5 great orbs of eyes
  16 vault guards
  2 salamander tyrants (Snake:4)
  A spriggan air mage (WizLab)
  A rakshasa (Depths:3)
  2 peacekeepers
  2 catoblepae
  A hydra (Lair:5)
  5 anacondas
  2 ogre magi (Vaults:5)
  A spriggan skeleton (Crypt:1)
  A death knight (Abyss:3)
  6 centaur warriors
  An ironbound frostheart (Vaults:3)
  A merfolk avatar (Shoals:2)
  A merfolk aquamancer (Shoals:4)
  A boulder beetle (Lair:5)
  2 deep troll shamans
  A satyr (Shoals:3)
  A death yak (Shoals:3)
  8 naga warriors
  2 hell hogs
  2 shock serpents
  2 deep troll earth magi
  A spriggan berserker (Depths:2)
  2 vampire magi
  2 titan zombies
  4 naga sharpshooters
  11 hell knights
  4 deep elf knights
  A thrashing horror (Abyss:3)
  3 soul eaters
  9 sun demons
  2 salamander mystics
  3 wretched stars (Abyss:3)
  11 deep trolls
  A sixfirhy (Abyss:3)
  8 skeletal warriors
  A skyshark (Shoals:3)
  An iron troll (Depths:1)
  A sun moth (Shoals:3)
  Lodul (D:11)
  A goliath frog (shapeshifter) (Vaults:5)
  12 sea snakes
  3 naga ritualists (Snake:4)
  2 glowing orange brains
  A flayed ghost (Crypt:2)
  A bunyip zombie (Crypt:1)
  8 lindwurms
  5 deep elf archers
  5 orc knights
  7 deep elf zephyrmancers
  9 mana vipers
  8 phantasmal warriors
  7 harpies
  A bog body (Crypt:2)
  4 deep elf pyromancers
  5 necromancers
  6 ironbound convokers
  A tengu zombie (Depths:4)
  2 shining eyes
  14 ugly things
  An orc sorcerer (Orc:2)
  An iron dragon skeleton (Crypt:2)
  A worldbinder (Abyss:4)
  4 salamanders
  4 cyclopes
  11 elephants
  6 manticores
  5 fauns
  5 guardian serpents (Snake:4)
  A fire giant skeleton (Vaults:5)
  An alligator skeleton (Crypt:2)
  An eleionoma skeleton (Crypt:3)
  A torpor snail (shapeshifter) (Vaults:5)
  A water nymph (Shoals:4)
  3 merfolk sirens (Shoals:4)
  A rust devil (Hell)
  An eye of devastation (Slime:4)
  A titan simulacrum (Hell)
  A human skeleton (Vaults:5)
  6 naga magi
  12 black mambas
  6 smoke demons
  A gargoyle (D:13)
  7 vault sentinels
  7 cane toads
  A hellion (Dis:2)
  2 orange demons (Abyss:3)
  A centaur skeleton (D:15)
  12 yaktaurs
  4 komodo dragons
  An efreet (D:13)
  A freezing wraith (D:15)
  3 ice devils
  A tormentor (Dis:1)
  A red draconian skeleton (Crypt:2)
  2 ancient zymes
  A troll (Orc:2)
  12 merfolk
  2 wind drakes
  A troll (shapeshifter) (Depths:2)
  A polar bear (Lair:5)
  3 red devils (Hell)
  7 blink frogs
  A harpy skeleton (D:15)
  7 raiju
  A hornet (D:11)
  58 slime creatures
  A hydra skeleton (Crypt:3)
  A dream sheep (Shoals:3)
  4 snapping turtles
  A meliai zombie (D:15)
  An air elemental (Elf:3)
  3 large abominations (Abyss:3)
  A ynoxinul (Abyss:3)
  3 water elementals
  2 wraiths
  7 humans (D:13)
  18 yaks
  An ushabti (Tomb:1)
  A fire elemental (Elf:1)
  A hog (Lair:4)
  A basilisk (Lair:3)
  3 golden eyes
  A neqoxec (Abyss:3)
  5 redbacks (Elf:3)
  5 wargs
  A vampire mosquito (D:12)
  A spatial vortex (Abyss:3)
  14 nagas
  A harpy simulacrum (Hell)
  3 water moccasins
  4 hell hounds
  A floating eye (Depths:4)
  A glowing shapeshifter zombie (Depths:4)
  17 orc warriors
  2 black bears
  5 ogres
  3 centaurs (Orc:2)
  4 wolves
  2 kobold brigands
  A bullfrog (Lair:3)
  2 necrophages
  3 gnoll sergeants
  8 small abominations (Abyss:3)
  A demonspawn simulacrum (Hell)
  3 wights (Crypt:3)
  A water moccasin skeleton (Crypt:1)
  3 killer bees (D:7)
  An electric eel (Snake:2)
  A jelly (D:6)
  An iron imp (Abyss:3)
  3 orc priests
  4 gnoll boudas (Bailey)
  A hound (Bailey)
  An iguana (D:6)
  A sleepcap (D:7)
  11 orc wizards
  4 hell rats
  A naga zombie (Crypt:3)
  A mummy (Tomb:1)
  11 gnolls
  2 white imps
  2 ufetubi
  18 orcs
  3 goblins (D:7)
  2 kobolds
  An orc skeleton (Crypt:2)
  2 lurking horrors (Abyss:3)
  3 starspawn tentacles
  4 tentacles
850 creatures vanquished.

Vanquished Creatures (others)
  A titan (Depths:3)
  An azure jelly (Slime:5)
  2 deep elf sorcerers (Vaults:5)
  A vault warden (Vaults:5)
  A very ugly thing (Vaults:5)
  3 spark wasps
  4 vault guards (Vaults:5)
  3 yaktaur captains
  A catoblepas (Lair:5)
  A merfolk avatar (Shoals:4)
  2 centaur warriors
  An anaconda (Snake:4)
  2 death yaks
  A two-headed ogre (shapeshifter) (Vaults:5)
  A naga warrior (Snake:2)
  A tengu warrior (Gauntlet)
  2 spectral death yaks (Gauntlet)
  A salamander mystic (Snake:2)
  2 sea snakes
  A deep troll (Depths:2)
  A naga ritualist (Snake:1)
  A deep elf archer (Elf:1)
  A deep elf zephyrmancer (Elf:2)
  A wizard (Depths:3)
  A harpy (Shoals:4)
  A mana viper (Snake:1)
  A phantasmal warrior (Vaults:5)
  2 deep elf pyromancers (Elf:1)
  A faun (Shoals:2)
  An orc knight (Orc:2)
  A necromancer (Vaults:5)
  A merfolk siren (Shoals:3)
  An elephant (Lair:3)
  A black mamba (Snake:1)
  A guardian serpent (Snake:4)
  A naga mage (Snake:2)
  A smoke demon (Hell)
  A gargoyle (D:13)
  3 cane toads (Lair:2)
  3 yaktaurs
  A tengu conjurer (Gauntlet)
  A merfolk (Shoals:1)
  2 blink frogs (Abyss:3)
  A snapping turtle (Shoals:3)
  2 slime creatures
  3 wraiths
  3 yaks (Lair:3)
  5 humans (D:13)
  10 dancing weapons
  2 wargs (Orc:1)
  A naga (Snake:2)
  2 orc warriors
  A black bear (Lair:5)
  2 wolves (Lair:2)
  2 orc priests
  3 orc wizards
  A hell rat (Hell)
  30 knights
  2 ancestors (D:6)
  An orc (Orc:1)
  A fulminant prism (Vaults:1)
  A lurking horror (Abyss:4)
  21 starspawn tentacles
  12 tentacles
167 creatures vanquished.

Grand Total: 2719 creatures vanquished

Notes
Turn   | Place    | Note
-------+----------+-------------------------------------------
     0 | D:1      | Bnni the Formicid Hexslinger began the quest for the Orb.
     0 | D:1      | Reached XP level 1. HP: 15/15 MP: 2/2
    66 | D:1      | Reached XP level 2. HP: 21/21 MP: 3/3
   232 | D:1      | Reached skill level 4 in Hexes
   434 | D:1      | Reached XP level 3. HP: 26/26 MP: 4/4
   465 | D:1      | Learned a level 2 spell: Jinxbite
   893 | D:1      | Found a faded altar of an unknown god.
  1083 | D:2      | Reached XP level 4. HP: 32/32 MP: 6/6
  1428 | D:2      | Learned a level 3 spell: Sigil of Binding
  2018 | D:3      | Found an ancient bone altar of Kikubaaqudgha.
  2221 | D:3      | Reached XP level 5. HP: 35/38 MP: 4/7
  2460 | D:3      | Learned a level 3 spell: Inner Flame
  2474 | D:3      | Reached XP level 6. HP: 34/44 MP: 9/9
  2479 | D:3      | Reached skill level 5 in Hexes
  2741 | D:3      | Found a snail-covered altar of Cheibriados.
  2849 | D:3      | Found a shimmering blue altar of Sif Muna.
  3093 | D:4      | Found a white marble altar of Elyvilon.
  3252 | D:4      | Noticed a black bear
  3269 | D:4      | Killed a black bear
  3358 | D:4      | Found a staircase to the Ecumenical Temple.
  3369 | Temple   | Entered the Ecumenical Temple
  3395 | Temple   | Became a worshipper of Hepliaklqana the Forgotten
  3536 | D:5      | Entered Level 5 of the Dungeon
  3540 | D:5      | Noticed Prince Ribbit
  3561 | D:4      | Reached XP level 7. HP: 23/51 MP: 8/11
  3803 | D:5      | Killed Prince Ribbit
  3804 | D:5      | Reached skill level 6 in Hexes
  4110 | D:5      | Reached XP level 8. HP: 43/58 MP: 8/12
  4328 | D:5      | Reached * piety under Hepliaklqana
  4442 | D:6      | Reached skill level 5 in Ranged Weapons
  4464 | D:6      | Learned a level 4 spell: Cause Fear
  4532 | D:6      | Found a broken altar of Ashenzari.
  4537 | D:6      | Saw a vision of the Shoals and the Snake Pit.
  4537 | D:6      | Noticed a black mamba
  4537 | D:6      | Noticed a merfolk
  4537 | D:6      | Noticed a naga ritualist
  4537 | D:6      | Noticed a shock serpent
  4537 | D:6      | Noticed a water nymph
  4537 | D:6      | Noticed a manticore
  4537 | D:6      | Noticed a sea snake
  4537 | D:6      | Noticed a snapping turtle
  4537 | D:6      | Noticed a skyshark
  4537 | D:6      | Noticed a sea snake
  4537 | D:6      | Noticed a snapping turtle
  4538 | D:6      | Noticed a manticore
  4538 | D:6      | Noticed a salamander
  4539 | D:6      | Noticed a shock serpent
  4539 | D:6      | Noticed a mana viper
  4539 | D:6      | Noticed a naga sharpshooter
  4561 | D:6      | Reached skill level 7 in Hexes
  4673 | D:6      | Found a burning altar of Makhleb.
  4673 | D:6      | Noticed a wraith
  4676 | D:6      | Found a transporter.
  4677 | D:6      | Noticed a cyclops
  4688 | D:6      | Found a transporter.
  5052 | D:6      | Found a stormy altar of Qazlal.
  5083 | D:6      | Reached ** piety under Hepliaklqana
  5086 | D:6      | Remembered your ancestor Tankster McGee as a knight
  5267 | D:6      | Reached skill level 1 in Invocations
  5434 | D:6      | Reached XP level 9. HP: 58/58 MP: 15/15
  5600 | D:6      | Killed a cyclops
  5601 | D:6      | Reached skill level 8 in Hexes
  5627 | D:6      | Identified the +0 ring mail of Jecimpen {rElec}
  5828 | D:7      | Reached skill level 5 in Fighting
  5843 | D:7      | Learned a level 3 spell: Tukima's Dance
  5883 | D:7      | Found a flagged portal.
  5916 | Bailey   | Entered a bailey
  6219 | Bailey   | Reached skill level 1 in Throwing
  6219 | Bailey   | Reached skill level 9 in Hexes
  6290 | Bailey   | Reached skill level 5 in Spellcasting
  6292 | Bailey   | Reached XP level 10. HP: 66/66 MP: 5/17
  6612 | Bailey   | Found the amulet of Vitality {RegenMP++ Regen++}
  6893 | D:7      | Reached skill level 10 in Hexes
  7025 | D:7      | Noticed Dowan
  7025 | D:7      | Noticed Duvessa
  7032 | D:7      | Killed Duvessa
  7032 | D:7      | Killed Dowan
  7481 | D:8      | Found an opulent altar of Gozag.
  7768 | D:8      | Found a glowing golden altar of the Shining One.
  7779 | D:8      | Noticed an angel
  7786 | D:8      | Found a basalt altar of Yredelemnul.
  7788 | D:8      | Noticed a profane servitor
  7807 | D:9      | Reached skill level 5 in Invocations
  7823 | D:9      | Reached skill level 5 in Throwing
  7825 | D:9      | Reached XP level 11. HP: 74/74 MP: 20/20
  7825 | D:9      | Found a staircase to the Lair.
  7826 | D:9      | Reached *** piety under Hepliaklqana
  8557 | D:10     | Entered Level 10 of the Dungeon
  8557 | D:10     | Noticed Harold
  8565 | D:10     | Killed Harold
  8566 | D:10     | Reached skill level 1 in Necromancy
  8566 | D:10     | Reached skill level 1 in Translocations
  8585 | D:10     | Learned a level 4 spell: Dimensional Bullseye
  8691 | D:10     | Noticed a centaur warrior
  8699 | D:10     | Killed a centaur warrior
  8728 | D:10     | Found a shimmering altar of Xom.
  8897 | D:10     | Noticed a two-headed ogre
  8905 | D:10     | Killed a two-headed ogre
  8906 | D:10     | Reached skill level 11 in Hexes
  9113 | D:10     | Reached **** piety under Hepliaklqana
  9379 | D:11     | Learned a level 4 spell: Anguish
  9404 | D:11     | Noticed a two-headed ogre
  9405 | D:11     | Noticed a cyan ugly thing
  9410 | D:11     | Killed a two-headed ogre
  9410 | D:11     | Noticed a centaur warrior
  9417 | D:11     | Killed a centaur warrior
  9418 | D:11     | Killed a cyan ugly thing
  9419 | D:11     | Reached XP level 12. HP: 81/81 MP: 22/22
  9725 | D:11     | Noticed Maurice
  9731 | D:11     | Killed Maurice
  9808 | D:11     | Noticed Lodul
  9813 | D:11     | Killed Lodul
 10308 | D:12     | Noticed a boulder beetle
 10349 | D:12     | Killed a boulder beetle
 10361 | D:12     | Found a staircase to the Orcish Mines.
 10387 | D:12     | Got Vehumet's Guidebook on Assaults
 11081 | D:13     | Reached skill level 12 in Hexes
 11141 | D:13     | Found Sedwifad's Jewellery Emporium.
 11158 | D:13     | Found Biadd's Weapon Shoppe.
 11175 | D:13     | Reached XP level 13. HP: 89/89 MP: 24/24
 11184 | D:13     | Noticed a centaur warrior
 11192 | D:13     | Killed a centaur warrior
 11209 | D:13     | Found Sewkej's Book Shop.
 11217 | D:13     | Bought a book of Callings for 320 gold pieces
 11221 | D:13     | Learned a level 3 spell: Summon Guardian Golem
 11275 | D:13     | Reached ***** piety under Hepliaklqana
 11405 | D:13     | Noticed a vault guard
 11430 | D:13     | Killed a vault guard
 11472 | D:13     | Reached skill level 5 in Necromancy
 11513 | D:13     | Found a gate to the Vaults.
 11599 | D:13     | Noticed a centaur warrior
 11602 | D:13     | Killed a centaur warrior
 11603 | D:13     | Reached skill level 10 in Ranged Weapons
 11641 | D:13     | Noticed Rupert
 11656 | D:13     | Killed Rupert
 11826 | D:13     | Found Woenkargh's General Store.
 11831 | D:13     | Noticed Sonja
 11839 | D:13     | Killed Sonja
 11842 | D:13     | Bought a scroll of butterflies for 52 gold pieces
 12234 | Lair:1   | Entered Level 1 of the Lair of Beasts
 12288 | Lair:1   | Reached skill level 5 in Translocations
 12737 | Lair:1   | Reached XP level 14. HP: 92/97 MP: 26/26
 13817 | Lair:2   | Learned a level 4 spell: Passage of Golubria
 13844 | Lair:3   | Noticed Josephine
 13852 | Lair:3   | Killed Josephine
 13856 | Lair:3   | Reached skill level 13 in Hexes
 13875 | Lair:3   | You fall into a shaft and drop 2 floors!
 13875 | Lair:5   | Entered Level 5 of the Lair of Beasts
 13996 | Lair:5   | Reached skill level 10 in Fighting
 14089 | Lair:5   | Found a gate leading to a gauntlet.
 14103 | Gauntlet | Entered a Gauntlet
 14103 | Gauntlet | Found a transporter.
 14110 | Gauntlet | Found a transporter.
 14112 | Gauntlet | Found a transporter.
 14123 | Gauntlet | Found a transporter.
 14127 | Gauntlet | Found a transporter.
 14141 | Gauntlet | Found a transporter.
 14148 | Gauntlet | Found a runed translucent door.
 14155 | Gauntlet | Found a transporter.
 14165 | Gauntlet | Found a transporter.
 14175 | Gauntlet | Found a transporter.
 14187 | Gauntlet | Found a transporter.
 14187 | Gauntlet | Found a transporter.
 14215 | Gauntlet | Found a transporter.
 14216 | Gauntlet | Found a transporter.
 14267 | Gauntlet | Found a transporter.
 14466 | Gauntlet | Identified the ring of Midwinter {Ice Str+3}
 14502 | Gauntlet | Noticed a minotaur
 14514 | Gauntlet | Killed a minotaur
 14535 | Gauntlet | Identified the +7 lajatang of the Uplifting Gods {flame,
                  | rElec rCorr Str-4 Dex+3}
 14536 | Gauntlet | Got the Vademecum on Malisons and the Congregation
 14576 | Lair:5   | Reached XP level 15. HP: 98/99 MP: 28/28
 14607 | Lair:5   | Reached skill level 5 in Dodging
 14680 | Lair:5   | Reached skill level 10 in Invocations
 14700 | Lair:5   | Found a staircase to the Slime Pits.
 14700 | Lair:5   | Found a viscous altar of Jiyva.
 15856 | Lair:4   | Noticed Kirke
 15863 | Lair:4   | Killed Kirke
 15924 | Lair:4   | Reached skill level 1 in Earth Magic
 16024 | Lair:4   | Identified a scroll of acquirement
 16049 | Lair:4   | Reached skill level 10 in Spellcasting
 16516 | Lair:3   | Reached XP level 16. HP: 72/112 MP: 18/30
 16544 | Lair:3   | Reached skill level 14 in Hexes
 16914 | Lair:3   | Found a staircase to the Snake Pit.
 17056 | Lair:3   | Found a staircase to the Shoals.
 17393 | Orc:1    | Entered Level 1 of the Orcish Mines
 17471 | Orc:1    | Noticed Jorgrun
 17479 | Orc:1    | Killed Jorgrun
 17640 | Orc:1    | Found a bloodstained altar of Trog.
 17699 | Orc:1    | Reached ****** piety under Hepliaklqana
 18001 | Orc:2    | Entered Level 2 of the Orcish Mines
 18241 | Orc:2    | Found a staircase to the Elven Halls.
 18326 | Orc:2    | Found Xirghetz's Distillery.
 18326 | Orc:2    | Found Keun's Weapon Emporium.
 18328 | Orc:2    | Found Siaph's Antique Armour Shoppe.
 18330 | Orc:2    | Found Satupt's Weapon Shop.
 18371 | Orc:2    | Bought a distressingly furry troll leather armour for 480
                  | gold pieces
 18371 | Orc:2    | Identified the +1 troll leather armour of Lethargy {rF+
                  | Regen+} (You bought it in a shop on level 2 of the Orcish
                  | Mines)
 18748 | Orc:2    | Acquired a +1 heavy longbow
 18756 | Orc:2    | Learned a level 5 spell: Borgnjor's Vile Clutch
 18988 | Snake:1  | Entered Level 1 of the Snake Pit
 19264 | Snake:1  | Found a white marble altar of Elyvilon.
 19897 | Snake:1  | Reached XP level 17. HP: 119/119 MP: 29/31
 20363 | Snake:2  | Noticed Aizul
 20588 | Snake:2  | Found a one-way gate to the infinite horrors of the Abyss.
 20588 | Snake:2  | Found a corrupted altar of Lugonu.
 20595 | Snake:2  | Noticed Nikola
 20608 | Snake:2  | Killed Nikola
 20640 | Snake:2  | Reached skill level 5 in Earth Magic
 20743 | Snake:2  | Noticed Vashnia
 20752 | Snake:2  | Killed Aizul
 20822 | Snake:2  | Killed Vashnia
 21254 | Snake:3  | Identified the +8 plate armour of the Elven Halls {rF+ rC-
                  | rCorr Int+3 Dex-5}
 21920 | Snake:3  | Identified the +0 leather armour of Wrong Decisions {Harm
                  | Drain rC+ Stlth+}
 22088 | Snake:4  | Entered Level 4 of the Snake Pit
 22119 | Snake:4  | Reached skill level 15 in Hexes
 22358 | Snake:4  | Found a runed translucent door.
 22358 | Snake:4  | Noticed atomjack's ghost (adept SpHu)
 22376 | Snake:4  | Reached skill level 1 in Armour
 22392 | Snake:4  | Acquired the ring of Levity {rC++ rN+ Int+3}
 22637 | Snake:4  | Reached XP level 18. HP: 126/126 MP: 32/32
 23522 | Snake:4  | Learned a level 1 spell: Apportation
 23991 | Snake:4  | Got a serpentine rune of Zot
 24304 | Shoals:1 | Entered Level 1 of the Shoals
 24493 | Shoals:1 | Noticed Mlioglotl
 24494 | Shoals:1 | Reached skill level 15 in Ranged Weapons
 24505 | Shoals:1 | Killed Mlioglotl
 24938 | Shoals:2 | Reached skill level 10 in Necromancy
 24991 | Shoals:2 | Noticed a kraken
 25009 | Shoals:2 | Killed a kraken
 25110 | Shoals:2 | Reached XP level 19. HP: 97/133 MP: 3/33
 25339 | Shoals:2 | Reached skill level 1 in Shields
 25711 | Shoals:3 | Found Odahis's Book Shoppe.
 25930 | Shoals:3 | Found a transporter.
 25963 | Shoals:3 | Found a transporter.
 25963 | Shoals:3 | Noticed Revguard's ghost (adept DsFi)
 26005 | Shoals:3 | Noticed Polyphemus
 26016 | Shoals:3 | Killed Polyphemus
 26147 | Shoals:3 | Found Coddorom's Armour Shop.
 26152 | Shoals:3 | Bought the +2 pair of gloves of Nolulapo {rElec Str+3} for
                  | 696 gold pieces
 26428 | Shoals:3 | Killed Revguard's ghost
 26466 | Shoals:3 | Identified the ring "Varupoxt" {Ice rPois Slay+2}
 26526 | Shoals:4 | Entered Level 4 of the Shoals
 26550 | Shoals:4 | Reached skill level 5 in Shields
 26882 | Shoals:4 | Identified the ring "Zeomm" {Str+3 Dex+6}
 26959 | Shoals:4 | Reached XP level 20. HP: 111/141 MP: 19/35
 27017 | Shoals:4 | Got a barnacled rune of Zot
 28062 | D:15     | Entered Level 15 of the Dungeon
 28084 | D:15     | Reached skill level 10 in Translocations
 28117 | D:15     | Found a staircase to the Depths.
 28324 | D:15     | Found a hide-covered altar of Uskayaw.
 28454 | D:15     | Reached skill level 10 in Earth Magic
 28745 | Vaults:1 | Entered Level 1 of the Vaults
 28758 | Vaults:1 | Learned a level 4 spell: Fulminant Prism
 29295 | Vaults:1 | Noticed Donald
 29305 | Vaults:1 | Killed Donald
 30343 | Vaults:2 | Identified the +1 rapier "Hydraslayer" {heavy, *Corrode
                  | rN+++ Str-5 SInv}
 30454 | Vaults:2 | Reached XP level 21. HP: 148/148 MP: 36/36
 30521 | Vaults:2 | Reached skill level 16 in Hexes
 30543 | Vaults:2 | Reached skill level 10 in Shields
 30797 | Vaults:2 | Reached skill level 10 in Dodging
 31758 | Vaults:3 | Found a magical portal.
 31763 | WizLab   | Entered Yara's Duelist Academy
 31954 | WizLab   | Got Yara's Compendium of Slime
 32069 | WizLab   | Noticed Giel
 32076 | WizLab   | Killed Giel the Head Instructor
 32370 | Vaults:3 | Found a staircase to the Crypt.
 32585 | Vaults:3 | Found Unue's Magic Scroll Shoppe.
 32766 | Vaults:3 | Reached XP level 22. HP: 134/155 MP: 38/38
 33000 | Vaults:3 | Identified the staff of the Disbelieving Goat {+Blink rF+
                  | Str+5 Fire}
 33182 | Vaults:3 | Learned a level 5 spell: Yara's Violent Unravelling
 33519 | Vaults:4 | Reached skill level 15 in Fighting
 34077 | Vaults:4 | Reached skill level 17 in Hexes
 34118 | Vaults:4 | Got Sif Muna's Primer on Witchery
 34703 | Shoals:3 | Bought a book of Hexes for 468 gold pieces
 34975 | Depths:1 | Entered Level 1 of the Depths
 35391 | Depths:1 | Found a portal to a secret trove of treasure.
 35407 | Depths:1 | Found a gateway to Hell.
 35429 | Depths:1 | You paid a toll of 5 scrolls of fear to enter a treasure
                  | trove
 35430 | Trove    | Entered a treasure trove
 35469 | Trove    | Identified the amulet "Pyatzuen" {Acrobat Harm rC- Will-
                  | Str+5}
 35538 | Depths:1 | Reached skill level 15 in Shields
 35538 | Depths:1 | Reached XP level 23. HP: 160/160 MP: 38/40
 35547 | Depths:1 | Learned a level 7 spell: Enfeeble
 35623 | Depths:1 | Identified the +2 scale mail of Relativism {+Inv rN+ Str-2}
 35649 | Depths:1 | Found a one-way gateway to a ziggurat.
 35649 | Depths:1 | Noticed an ancient lich
 35668 | Depths:1 | Killed an ancient lich
 35804 | Depths:1 | Reached XP level 24. HP: 169/170 MP: 38/40
 35891 | Depths:1 | Found a hazy altar of Hepliaklqana.
 36266 | Depths:2 | Noticed a golden dragon
 36291 | Depths:2 | Killed a golden dragon
 36747 | Depths:2 | Found a one-way gate leading to the halls of Pandemonium.
 36894 | Depths:2 | Got the Spellbook of Topography
 37072 | Depths:3 | Found Hukhyevu's Antique Weapon Emporium.
 37076 | Depths:3 | Found Fuehewa's General Store.
 37487 | Depths:3 | Found Fuguov's Serpentskin Sales.
 37520 | Depths:3 | Found a shadowy altar of Dithmenos.
 37941 | Depths:3 | Noticed Saint Roka
 37949 | Depths:3 | Killed Saint Roka
 37994 | Depths:4 | Entered Level 4 of the Depths
 38254 | Depths:4 | Found an ancient bone altar of Kikubaaqudgha.
 38345 | Depths:4 | Found a gate to the Realm of Zot.
 38345 | Depths:4 | Noticed a golden dragon
 38346 | Depths:4 | Noticed a golden dragon
 38354 | Depths:4 | Killed a golden dragon
 38355 | Depths:4 | Reached skill level 5 in Armour
 38355 | Depths:4 | Killed a golden dragon
 38499 | Depths:4 | Noticed Xtahua
 38505 | Depths:4 | Noticed a caustic shrike
 38508 | Depths:4 | Killed Xtahua
 38513 | Depths:4 | Killed a caustic shrike
 38517 | Depths:4 | Noticed a caustic shrike
 38518 | Depths:4 | Noticed a caustic shrike
 38525 | Depths:4 | Killed a caustic shrike
 38526 | Depths:4 | Reached XP level 25. HP: 177/177 MP: 36/41
 38527 | Depths:4 | Killed a caustic shrike
 38704 | Depths:4 | Noticed a caustic shrike
 38705 | Depths:4 | Noticed a caustic shrike
 38713 | Depths:4 | Killed a caustic shrike
 38715 | Depths:4 | Killed a caustic shrike
 39606 | Elf:1    | Entered Level 1 of the Elven Halls
 39660 | Elf:1    | Found Lulaaweq's Magic Scroll Shop.
 39662 | Elf:1    | Found Nogoh's Book Boutique.
 39665 | Elf:1    | Found Nosux's Antique Armour Shop.
 39815 | Elf:1    | Noticed Louise
 39821 | Elf:1    | Killed Louise
 39963 | Elf:1    | Reached skill level 18 in Hexes
 40468 | Elf:1    | Learned a level 8 spell: Discord
 40488 | Elf:2    | Found a runed translucent door.
 40488 | Elf:2    | Noticed Zakh's ghost (adept TeHu)
 40640 | Elf:2    | Killed Zakh's ghost
 40848 | Elf:2    | Found a runed translucent gate.
 40848 | Elf:2    | Found a runed translucent gate.
 40848 | Elf:2    | Found a runed translucent gate.
 40928 | Elf:2    | Noticed Roxanne
 40943 | Elf:2    | Killed Roxanne
 41212 | Elf:3    | Entered Level 3 of the Elven Halls
 41690 | Elf:3    | Identified the +7 short sword of Coafebbe {heavy, Fly Str+2
                  | Dex-4}
 41695 | Elf:3    | Identified the ring of Haoc {+Blink rElec Str-2 SInv}
 41696 | Elf:3    | Identified the +8 falchion "Pehuiff" {flame, Int+2 Dex+4
                  | Stlth+}
 42050 | Elf:3    | Reached XP level 26. HP: 185/185 MP: 41/41
 42110 | Elf:3    | Identified the +5 orcbow "Gisiem" {freeze, rC- Will+++
                  | Int+2}
 42123 | Elf:3    | Identified the +1 scale mail of the Baker {rCorr}
 42126 | Elf:3    | Identified the +0 chain mail of Space {Harm rN+ Str-3}
 42134 | Elf:3    | Identified the amulet "Anane" {Reflect Regen+ SH+5}
 42137 | Elf:3    | Identified the ring of Weisiy {rCorr Str+3 Dex+6}
 42155 | Elf:3    | Identified the staff of the Desert {MP+9 Str+7 Int-2 Dex+3
                  | Earth}
 42162 | Elf:3    | Identified the +1 chain mail "Hapopu" {rPois rF+}
 42168 | Elf:3    | Got Myven's Textbook on Igneous Transmutation
 42522 | Crypt:1  | Entered Level 1 of the Crypt
 43343 | Crypt:2  | Reached skill level 19 in Hexes
 43419 | Crypt:2  | Reached skill level 15 in Spellcasting
 43607 | Crypt:2  | Noticed Zenata
 43617 | Crypt:2  | Killed Zenata
 43967 | Crypt:3  | Entered Level 3 of the Crypt
 43967 | Crypt:3  | Noticed Boris
 43979 | Crypt:3  | Killed Boris
 44382 | Crypt:3  | Noticed Margery
 44388 | Crypt:3  | Killed Margery
 44394 | Crypt:3  | Reached skill level 20 in Hexes
 44514 | Crypt:3  | Found a staircase to the Tomb.
 44693 | Crypt:3  | Identified the +0 chain mail of Discretion {-Tele rF+++
                  | Int+2 Dex+4}
 44787 | Crypt:3  | Got Kikubaaqudgha's Treatise on Stolen Souls
 44902 | Crypt:3  | Noticed a curse toe
 44908 | Crypt:3  | Killed a curse toe
 45020 | Crypt:3  | Reached XP level 27. HP: 194/194 MP: 41/42
 45020 | Crypt:3  | Noticed a dread lich
 45024 | Crypt:3  | Killed a dread lich
 45104 | Crypt:3  | Identified the +0 cloak of Going Fast {rF- rN+ Regen+
                  | Slay+5}
 45117 | Crypt:3  | Identified the ring of Xom's Sleight of Hands {Fly rElec
                  | rPois rF- Dex-2}
 45662 | Slime:1  | Entered Level 1 of the Pits of Slime
 45691 | Slime:1  | Learned a level 6 spell: Dispersal
 46632 | Slime:4  | Reached skill level 21 in Hexes
 46748 | Slime:4  | Found a viscous altar of Jiyva.
 46892 | Slime:5  | Entered Level 5 of the Pits of Slime
 46977 | Slime:5  | Noticed the Royal Jelly
 47410 | Slime:5  | Gained mutation: You occasionally shout uncontrollably at
                  | your foes. [a shining eye]
 47411 | Slime:5  | Gained mutation: You are frail. (-10% HP) [a shining eye]
 47610 | Slime:5  | Found a viscous altar of Jiyva.
 47755 | Slime:5  | Gained mutation: You occasionally lose the ability to read
                  | scrolls when taking damage. [you]
 47760 | Slime:5  | Killed the Royal Jelly
 47868 | Slime:5  | Got the Precepts of Feathers
 47882 | Slime:5  | Identified the ring "Goji" {rF+ rC+ Str+3 Int+6}
 47887 | Slime:5  | Got a slimy rune of Zot
 47943 | Slime:5  | Identified the ring "Luacaozie" {+Blink rPois rF+ Dex-3
                  | SInv}
 48476 | Vaults:5 | Entered Level 5 of the Vaults
 48554 | Vaults:5 | Noticed an ancient lich
 48666 | Vaults:4 | Learned a level 2 spell: Sublimation of Blood
 48677 | Vaults:5 | Reached skill level 15 in Dodging
 48681 | Vaults:5 | Killed an ancient lich
 48947 | Vaults:5 | Reached skill level 22 in Hexes
 48947 | Vaults:5 | Found Rapteimp's Book Boutique.
 48955 | Vaults:5 | Identified the +7 ring mail of Vehumet's Reproof {rN+ rCorr
                  | Slay-5}
 49187 | Vaults:5 | Got a silver rune of Zot
 49339 | Vaults:5 | Identified the amulet "Pyosk" {Spirit Harm Str+2 Dex+3
                  | Slay+3}
 49399 | Vaults:5 | Identified the +1 great sword "Veankimi" {elec, *Corrode
                  | rElec rC+++ Str-5}
 49400 | Vaults:5 | Identified the +1 quarterstaff "Yfaew" {flame, rC+ Dex+3}
 50241 | Depths:2 | Voluntarily entered the Abyss.
 50241 | Abyss:1  | Found a corrupted altar of Lugonu.
 50334 | Abyss:2  | Found a stormy altar of Qazlal.
 51038 | Abyss:3  | Reached skill level 10 in Armour
 51075 | Abyss:3  | Found a corrupted altar of Lugonu.
 51159 | Abyss:3  | Found a corrupted altar of Lugonu.
 51180 | Abyss:3  | Noticed a dread lich
 51191 | Abyss:3  | Killed a dread lich
 51301 | Abyss:3  | Gained mutation: Your body sometimes deteriorates upon
                  | taking damage. [a neqoxec]
 51303 | Abyss:3  | Reached skill level 23 in Hexes
 51362 | Abyss:3  | Gained mutation: Your body often deteriorates upon taking
                  | damage. [a cacodemon]
 51469 | Abyss:4  | Found a corrupted altar of Lugonu.
 51575 | Abyss:4  | Found a corrupted altar of Lugonu.
 51649 | Abyss:4  | Got an abyssal rune of Zot
 51662 | Depths:2 | Escaped the Abyss
 51686 | Hell     | Entered the Vestibule of Hell
 51686 | Hell     | Noticed Geryon
 51694 | Hell     | Noticed Murray
 52023 | Tomb:1   | Entered Level 1 of the Tomb of the Ancients
 52535 | Depths:1 | Lost mutation: You occasionally lose the ability to read
                  | scrolls when taking damage. [potion of mutation]
 52535 | Depths:1 | Lost mutation: You occasionally shout uncontrollably at
                  | your foes. [potion of mutation]
 52535 | Depths:1 | Lost mutation: Your body often deteriorates upon taking
                  | damage. [potion of mutation]
 52535 | Depths:1 | Gained mutation: You expend magic power (3 MP) to
                  | strengthen your wands. [potion of mutation]
 52535 | Depths:1 | Gained mutation: You are partially covered in iridescent
                  | scales. (AC +2) [potion of mutation]
 52535 | Depths:1 | Gained mutation: You are very frail. (-20% HP) [potion of
                  | mutation]
 52535 | Depths:1 | Gained mutation: You are mostly covered in iridescent
                  | scales. (AC +4) [potion of mutation]
 52536 | Depths:1 | Lost mutation: You are mostly covered in iridescent scales.
                  | (AC +4) [potion of mutation]
 52536 | Depths:1 | Lost mutation: You are partially covered in iridescent
                  | scales. (AC +2) [potion of mutation]
 52536 | Depths:1 | Lost mutation: You are very frail. (-20% HP) [potion of
                  | mutation]
 52536 | Depths:1 | Gained mutation: Armour fits poorly on your strangely
                  | shaped body. [potion of mutation]
 52536 | Depths:1 | Gained mutation: You possess an exceptional clarity of
                  | mind. [potion of mutation]
 52537 | Depths:1 | Lost mutation: You expend magic power (3 MP) to strengthen
                  | your wands. [potion of mutation]
 52537 | Depths:1 | Lost mutation: Your body sometimes deteriorates upon taking
                  | damage. [potion of mutation]
 52537 | Depths:1 | Gained mutation: You are weak. (Str -2) [potion of
                  | mutation]
 52537 | Depths:1 | Lost mutation: You are weak. (Str -2) [potion of mutation]
 52551 | Hell     | Killed Murray
 52566 | Hell     | Killed Geryon
 52734 | Hell     | Found a gateway to the freezing wastes of Cocytus.
 52807 | Hell     | Found a gateway to the decaying netherworld of Tartarus.
 52921 | Hell     | Found a gateway to the ashen valley of Gehenna.
 53027 | Hell     | Found a gateway to the Iron City of Dis.
 53132 | Hell     | Upgraded the game from 0.31-a0-731-ga75f04deac to
                  | 0.31-a0-765-g67fe2935dc
 53182 | Dis:1    | Entered Level 1 of the Iron City of Dis
 53518 | Dis:2    | Reached skill level 24 in Hexes
 53628 | Dis:3    | Slain by an ancient champion

Illustrated notes

Levels and vault maps discovered:
D:1:      spicycebolla_arrival_xxxplode, layout_loops_ring,
          chequers_ecumenical_altar_lobes
D:2:      layout_basic
D:3:      minmay_octagon_keep, layout_basic, mainiacjoe_overflow_tiny_flanked,
          led_sif_pool, slow_altar_2
D:4:      layout_basic, mainiacjoe_overflow_boulevard,
          minmay_temple_entry_enclosed_plants
D:5:      layout_cave_pools, serial_column_ruins, column_ruins_hut,
          column_ruins_grid_1, column_ruins_grid_3,
          column_ruins_columns_straight, column_ruins_columns_corner,
          column_ruins_open_tiny, uniq_prince_ribbit1
D:6:      layout_loops_corners, gammafunk_temple_overflow_arena,
          grunt_ashenzari_visionary [grunt_ashenzari_visionary_shoals,
          grunt_ashenzari_visionary_snake], nicolae_qazlal_general_emergency
D:7:      layout_basic, enter_bailey_3, uniq_duvessa
D:8:      layout_rooms, grunt_temple_overflow_holy_war, lemuel_round_altar
D:9:      layout_basic, erik_lair_orcish_takeover
D:10:     layout_irregular_city, kennysheep_little_box, st_stairs_11,
          uniq_harold
D:11:     layout_basic, uniq_maurice, uniq_lodul
D:12:     layout_roguey, erik_orc_4
D:13:     layout_stronghold, grunt_vaults_entry_tiered, serial_shops,
          nicolae_diamond_shop, nicolae_diamond_shop, nicolae_shop_behind_doors,
          shop, serial_glass, glass_columns_a, glass_columns_c, uniq_sonja,
          uniq_rupert
D:14:     layout_basic, serial_park_paths [serial_park_minivault_5x5_6]
D:15:     grunt_enter_depths_magical_seal, layout_rooms,
          nicolae_uskayaw_suspiria
Temple:   chequers_temple_sunken
Lair:1:   layout_regular_city
Lair:2:   layout_gridlike
Lair:3:   layout_long_grid, nicolae_shoals_entry_roost,
          nicolae_snake_entry_squirm, grunt_megastairs_5, uniq_josephine
Lair:4:   layout_regular_city, uniq_kirke
Lair:5:   grunt_lair_end_beastmaster, layout_gridlike, slime_entry_1,
          gauntlet_entry_generic, lookout_lair_type, infiniplex_staircase_pool
Shoals:1: layout_shoals, nicolae_shoals_spring_well_temple, uniq_mlioglotl
Shoals:2: layout_shoals
Shoals:3: layout_shoals, gammafunk_ghost_arena, serial_shops,
          nicolae_shop_rolling_square, nicolae_book_shop_shelving,
          nicolae_shoals_bring_sunscreen, uniq_polyphemus
Shoals:4: shoals_end_grunt_ice, layout_shoals
Snake:1:  layout_cave_shapes, basic_altar, nicolae_snake_slithery_hallway
Snake:2:  layout_rooms, amcnicky_altar_lugonu_corruption, serial_bayou_shore_a,
          uniq_aizul, uniq_nikola, uniq_vashnia
Snake:3:  layout_cave_pods, nicolae_snake_gridmaze_big_u
Snake:4:  snake_pit_salamanders_mu, layout_cave_town, gammafunk_ghost_grave,
          serial_bayou, serial_bayou_pond_d, serial_bayou_pond_c,
          serial_bayou_lagoon_b, serial_bayou_pond_c, serial_bayou_crossing,
          drop_trap, nrook_guardian_serpent_ordinary
Slime:1:  layout_caves, cheibrodos_slime_lost_civilization_7
Slime:2:  layout_caves
Slime:3:  layout_caves
Slime:4:  layout_caves, basic_altar, nicolae_slime_getting_an_eyeful
Slime:5:  slime_pit_nicolae_trefoil
Orc:1:    cheibrodos_orc_guarddog, layout_caves, basic_altar, nooodl_orcs_dogs,
          uniq_jorgrun
Orc:2:    st_orc_rangers, layout_caves
Elf:1:    nicolae_elf_arrival_fired_up, layout_geoelf_grid,
          hangedman_corner_corridor, minmay_shop_star, uniq_louise
Elf:2:    nicolae_elf_blades_splatter_lattice [nooodl_blade_entry_preview],
          layout_geoelf_octagon, ebering_ghost_reflecting_pool, uniq_asterion,
          uniq_roxanne
Elf:3:    minmay_elf_hall_curves, layout_geoelf_octagon, drop_trap
Vaults:1: hangedman_vaults_corner, v_misc_17, hangedman_vaults_river_flow,
          nicolae_vaults_layer_cake_slice, nicolae_vaults_surprise_closet,
          nicolae_vaults_cornered_office, nicolae_vaults_tetromino_L_2,
          nicolae_vaults_murder_corner, nicolae_vaults_closet_pinwheel_4,
          nicolae_vaults_surprise_closet, layout_vaults_chaotic_city,
          uniq_donald
Vaults:2: grunt_vaults_trifunnel, grunt_vaults_hallway_short, v_alt_pattern_5,
          ontoclasm_vaults_ligature, nicolae_vaults_cochlea,
          nicolae_vaults_octothorpe, nicolae_vaults_spaceships,
          grunt_vaults_focal, layout_vaults_quadrants
Vaults:3: mu_enter_wizlab_1, minmay_crypt_entry_simple_walls,
          nicolae_vaults_tangram_1, nicolae_vaults_ninety_degrees,
          nicolae_vaults_stepped_doors, nicolae_vaults_alarming,
          vaults_room_hangedman_quadrants, vaults_mumra_chevron_long, v_rooms_4,
          vaults_standard_mumra_enter_the_diamond,
          nicolae_vaults_trapezoid_lopsided_4, v_rooms_1,
          nicolae_vaults_variable_pillar_hall, layout_vaults_maze_bifur,
          serial_shops, shop
Vaults:4: hangedman_vaults_locks, nicolae_vaults_heart-shaped_vault,
          nicolae_vaults_disappearing_quadrants, hangedman_vaults_slice,
          ontoclasm_vaults_chip, hangedman_vaults_stream,
          vaults_standard_mumra_x, layout_vaults_omnibox
Vaults:5: serial_shops
Crypt:1:  layout_basic, grunt_crypt_arrival_split
Crypt:2:  layout_chaotic_city, st_stairs_12, minmay_misc_feat_alley,
          grunt_megastairs_1, uniq_zenata
Crypt:3:  due_elkab, layout_chaotic_city, minivault_27, uniq_boris, uniq_margery
Tomb:1
Depths:1: layout_cave_shapes, enter_ziggurat_c, enter_trove_1,
          nicolae_hepliaklqana_hazy_memory, pf_vacation_house_of_asmodeus,
          ebering_dispersal_statue_hall, st_stairs_8, dreamdust_wasp_nest,
          serial_bayou_shore_b
Depths:2: kennysheep_oblong_rooms, layout_long_grid,
          nicolae_hell_entry_hellmouth_sunbeams, abyss_entry_small_statue_room,
          rand_demon_pan_entry_4, serial_shops, shop, serial_bayou_pond_d
Depths:3: kennysheep_bubbly, layout_basic, hell_entry, abyss_entry,
          nicolae_dithmenos_the_darkroom, guppyfry_shop_venom, minmay_shoptagon,
          minmay_staircase_statues, uniq_saint_roka
Depths:4: grunt_zot_entry_tricorne, layout_gridville, grunt_hell_entry_dis_mu,
          lemuel_zombie_altar_kikubaaqudgha, uniq_xtahua
Hell
Dis:1:    layout_gridville
Dis:2:    layout_gridville
Dis:3:    layout_subdivisions

Skill      XL: |  1  2  3  4  5  6  7  8  9 10 11 12 13 14 15 16 17 18 19 20 21 22 23 24 25 26 27 |
---------------+----------------------------------------------------------------------------------+-----
Hexes          | 4 5 6 7 9 10 11 12 13 14 15 16 17 18 20 24 | 24.0
Fire Magic     | 2 3 |  3.0
Ranged Weapons | 3 4 6 7 9 10 11 12 13 14 15 16 17 18 19 20 | 20.0
Fighting       | 2 3 4 5 6 7 8 9 10 11 12 13 14 15 16 17 19 | 19.9
Spellcasting   | 2 3 4 5 6 7 8 9 10 11 12 13 14 15 17 | 17.8
Invocations    | 1 3 5 6 7 8 9 10 11 12 13 14 | 14.0
Throwing       | 2 5 6 |  6.1
Necromancy     | 2 4 5 6 7 8 9 10 | 10.0
Translocations | 2 3 5 6 7 8 9 10 12 | 12.1
Dodging        | 2 3 4 5 6 7 8 9 10 11 12 13 17 | 17.3
Earth Magic    | 2 4 6 7 9 10 | 10.0
Armour         | 1 2 5 8 9 11 | 11.6
Shields        | 6 9 12 15 16 17 18 | 18.7

Action                     |  1- 3 |  4- 6 |  7- 9 | 10-12 | 13-15 | 16-18 | 19-21 | 22-24 | 25-27 || total
---------------------------+-------+-------+-------+-------+-------+-------+-------+-------+-------++-------
   Fire: Sling             |    93 |   290 |   213 |    87 |       |       |       |       |       ||   683
         Orcbow            |       |       |       |   292 |   688 |  1270 |   891 |   164 |   276 ||  3581
         Arbalest          |       |       |       |       |       |       |   217 |   462 |       ||   679
         Longbow           |       |       |       |       |       |       |       |       |  1744 ||  1744
  Throw: Dart              |       |       |     1 |     5 |     3 |     1 |     3 |       |       ||    13
         Throwing net      |       |       |       |       |       |     1 |       |       |       ||     1
   Cast: Jinxbite          |       |    15 |    11 |     6 |     5 |    22 |    10 |       |       ||    69
         Sigil of Binding  |       |     2 |     2 |     4 |     8 |    34 |    15 |     8 |     4 ||    77
         Inner Flame       |       |       |    10 |    37 |    61 |    93 |    98 |    33 |    11 ||   343
         Tukima's Dance    |       |       |    16 |     9 |     2 |    15 |    22 |       |       ||    64
         Cause Fear        |       |       |     2 |     4 |    16 |    29 |    24 |     3 |     4 ||    82
         Anguish           |       |       |       |     2 |    11 |       |     2 |     7 |       ||    22
         Dimensional Bulls |       |       |       |     2 |     8 |    18 |    14 |     2 |    19 ||    63
         Summon Guardian G |       |       |       |       |    28 |    44 |    18 |     9 |     9 ||   108
         Borgnjor's Vile C |       |       |       |       |       |     4 |     8 |    41 |    53 ||   106
         Passage of Golubr |       |       |       |       |       |     1 |       |       |     2 ||     3
         Apportation       |       |       |       |       |       |    12 |     8 |       |     1 ||    21
         Fulminant Prism   |       |       |       |       |       |       |     1 |       |       ||     1
         Enfeeble          |       |       |       |       |       |       |       |     1 |    35 ||    36
         Yara's Violent Un |       |       |       |       |       |       |       |     1 |    48 ||    49
         Discord           |       |       |       |       |       |       |       |       |    29 ||    29
         Dispersal         |       |       |       |       |       |       |       |       |    17 ||    17
         Sublimation of Bl |       |       |       |       |       |       |       |       |     2 ||     2
 Invoke: Ancestor Life: Kn |       |       |     1 |       |       |       |       |       |       ||     1
         Ancestor Identity |       |       |     1 |       |       |       |       |       |       ||     1
         Recall Ancestor   |       |       |       |     2 |     7 |    14 |    13 |     5 |    14 ||    55
         Transference      |       |       |       |       |     4 |     3 |     1 |       |     3 ||    11
         Idealise          |       |       |       |       |     3 |     4 |     2 |     2 |     7 ||    18
Ability: Dig               |       |     1 |       |     2 |     5 |     3 |     2 |     5 |     2 ||    20
         Shaft Self        |       |       |       |       |     1 |       |       |       |       ||     1
  Evoke: Wand              |       |       |       |       |     1 |     1 |       |       |       ||     2
         Phial of floods   |       |       |       |       |       |     2 |       |       |       ||     2
         Horn of Geryon    |       |       |       |       |       |       |       |       |     1 ||     1
    Use: Scroll            |       |       |     7 |     7 |     9 |     9 |     2 |     5 |    15 ||    54
         Potion            |       |       |     3 |       |     1 |     1 |     5 |     1 |     5 ||    16
 Armour: Robe              |    20 |     4 |       |    41 |   202 |    42 |       |       |       ||   309
         Leather armour    |       |    88 |    67 |    22 |       |       |       |       |       ||   177
         Troll leather arm |       |       |       |       |       |   214 |   298 |   122 |   297 ||   931
  Dodge: Dodged            |    28 |   129 |    61 |    67 |   256 |   297 |   203 |    83 |   605 ||  1729
  Block: Other             |     5 |    52 |     7 |       |       |       |       |       |       ||    64
         Reflection        |     2 |     1 |     4 |       |       |       |    55 |    25 |    51 ||   138
         Buckler           |       |       |    23 |    39 |    73 |    88 |    18 |       |       ||   241
         Kite shield       |       |       |       |       |       |       |   194 |   110 |   548 ||   852
         Tower shield      |       |       |       |       |       |       |       |       |    66 ||    66

Table legend: (Time is in decaauts)
 A = Elapsed time spent in this place.
 B = Non-inter-level travel time spent in this place.
 C = Inter-level travel time spent in this place.
 D = Time resting spent in this place.
 E = Time spent auto-exploring this place.
 F = Levels seen in this place.
 G = Mean time per level.
                   A        B        C        D        E       F      G
               +--------+--------+--------+--------+--------+-----+--------+
         Total |  54280 |  48508 |   5772 |   4553 |  26627 |  64 |  848.1 |
       Dungeon |  14109 |  12006 |   2103 |    512 |   8786 |  15 |  940.6 |
        Temple |     57 |      3 |     54 |      0 |      0 |   1 |   57.0 |
          Lair |   5262 |   4372 |    890 |    210 |   3080 |   5 | 1052.4 |
        Shoals |   3193 |   2892 |    301 |    390 |    191 |   4 |  798.2 |
     Snake Pit |   5158 |   4867 |    291 |    811 |   1732 |   4 | 1289.5 |
    Slime Pits |   2530 |   2361 |    169 |    200 |   1302 |   5 |  506.0 |
  Orcish Mines |   1492 |   1339 |    153 |     14 |    912 |   2 |  746.0 |
   Elven Halls |   2761 |   2524 |    237 |    151 |   1563 |   3 |  920.3 |
        Vaults |   7305 |   6607 |    698 |    631 |   4068 |   5 | 1461.0 |
         Crypt |   3081 |   2759 |    322 |      2 |   1829 |   3 | 1027.0 |
          Tomb |    247 |    155 |     92 |      0 |     55 |   1 |  247.0 |
        Depths |   4641 |   4227 |    414 |    747 |   2310 |   4 | 1160.2 |
          Hell |    667 |    636 |     31 |      0 |    319 |   1 |  667.0 |
           Dis |    456 |    444 |     12 |    272 |     14 |   3 |  152.0 |
         Abyss |   1478 |   1478 |      0 |    114 |      2 |   4 |  369.5 |
         Trove |     99 |     99 |      0 |      0 |     21 |   1 |   99.0 |
        Bailey |    807 |    807 |      0 |    369 |    161 |   1 |  807.0 |
        Wizlab |    494 |    494 |      0 |     76 |     68 |   1 |  494.0 |
      Gauntlet |    434 |    434 |      0 |     52 |    211 |   1 |  434.0 |
               +--------+--------+--------+--------+--------+-----+--------+

Top non-repeatable levels by time:
 Snake:4: 1908 daAuts
     D:6: 1556 daAuts
Vaults:1: 1539 daAuts
Vaults:2: 1491 daAuts
 Crypt:3: 1447 daAuts
Vaults:4: 1440 daAuts
    D:13: 1437 daAuts
 Snake:1: 1435 daAuts
Vaults:3: 1423 daAuts
Vaults:5: 1410 daAuts
Depths:4: 1399 daAuts
  Lair:5: 1296 daAuts
    D:11: 1194 daAuts
Depths:1: 1171 daAuts
 Abyss:3: 1118 daAuts
